 Dungeon Crawl Stone Soup version 0.25.0-11-g1f837a76a1 (webtiles) character file.

Game seed: 6197636021795695632

191 nikku the Conjurer (level 5, -10/28 HPs)
             Began as a Deep Elf Conjurer on June 24, 2020.
             Mangled by Duvessa
             ... wielding a +0 short sword of flaming
              (19 damage)
             ... on level 4 of the Dungeon.
             The game lasted 00:08:20 (3269 turns).

nikku the Conjurer (Deep Elf Conjurer)              Turns: 3269, Time: 00:08:21

Health: -10/28     AC:  4    Str:  5    XL:     5   Next: 42%
Magic:  0/14       EV: 13    Int: 21    God:
Gold:   177        SH:  0    Dex: 15    Spells: 3/14 levels left

rFire    . . .     SeeInvis .   b - +0 whip (elec)
rCold    . . .     Gourm    .   (no shield)
rNeg     . . .     Faith    .   a - +0 robe
rPois    .         Spirit   .   e - +0 helmet
rElec    .         Reflect  .   (no cloak)
rCorr    .         Harm     .   (no gloves)
MR       .....                  h - +0 pair of boots
Stlth    ++........             (no amulet)
HPRegen  0.09/turn              (no ring)
MPRegen  0.14/turn              (no ring)

@: no status effects
A: no striking features
a: no special abilities


You were on level 4 of the Dungeon.
You were not hungry.

You visited 1 branch of the dungeon, and saw 4 of its levels.

You collected 177 gold pieces.

Inventory:

Hand Weapons
 b - a +0 whip of electrocution (weapon)
Armour
 a - a +0 robe (worn)
 e - a +0 helmet (worn)
 h - a +0 pair of boots (worn)
Wands
 n - a wand of enslavement (10)
Scrolls
 d - a scroll of remove curse
 k - 2 scrolls of teleportation
Potions
 f - 2 potions of curing {unknown}
 g - a potion of magic {unknown}
 i - 2 potions of berserk rage {unknown}
 m - a potion of lignification {unknown}
 o - a potion of haste {unknown}
Comestibles
 c - 6 rations
 j - 4 chunks of flesh


   Skills:
 - Level 2.4 Dodging
 - Level 2.4 Stealth
 + Level 5.3 Spellcasting
 + Level 5.7 Conjurations
 + Level 2.0 Hexes
 + Level 1.6 Translocations


You had 3 spell levels left.
You knew the following spells:

 Your Spells              Type           Power        Failure   Level  Hunger
a - Magic Dart            Conj           ####         1%          1    None
b - Searing Ray           Conj           ####..       1%          2    None
c - Fulminant Prism       Conj/Hex       ###.......   22%         4    ####...
d - Iskenderun's Mystic   Conj/Tloc      ###.....     22%         4    ####...

Your spell library contained the following spells:

 Spells                   Type           Power        Failure   Level  Hunger
 Dazzling Flash           Conj/Hex       ###...       6%          3    ##.....
 Confusing Touch          Hex            ##......     14%         3    ##.....
 Gell's Gravitas          Tloc           ##........   16%         3    ##.....
 Petrify                  Tmut/Erth      #.......     71%         4    ####...
 Metabolic Englaciation   Hex/Ice        #.........   88%         5    #####..
 Yara's Violent Unravell  Hex/Tmut       #.........   88%         5    #####..


Dungeon Overview and Level Annotations

Branches:
Dungeon (4/15)
 Temple: D:4-7

Altars:
Kikubaaqudgha
Yredelemnul

Annotations:
D:4 Duvessa


Message History

Aim: Duvessa, wielding a +0 short sword of flaming and wearing a +0 leather armour (heavily wounded)
The searing ray hits Duvessa!
Duvessa is almost dead.
The searing ray hits Dowan!
You kill Dowan!
Duvessa screams in rage.
Duvessa goes berserk!
You have reached level 5! (Press . to maintain the ray.) Duvessa hits you with a +0 short sword of flaming!
Ouch! That really hurt!
Duvessa burns you.
The searing ray hits Duvessa.
Duvessa is almost dead.
The searing ray hits the bullfrog skeleton!
You destroy the bullfrog skeleton!
Your Hexes skill increases to level 2!
Duvessa hits you with a +0 short sword of flaming!!
Ouch! That really hurt!
You die...

..##.# #.#
#.# #..#.#
#.# #.#
<..#.# #.#
#.# .....#
#.# #.#
##.### #.#
#.# .# #.#
#.# .# #.#
# .#
#.##.###.#
.#
#.@e)[$...
.#
####..####
.# #


You could see Duvessa (berserk).

Vanquished Creatures
  Dowan (D:4)
  A bullfrog skeleton (D:4)
  An orc wizard (D:3)
  2 adders (D:2)
  A worm (D:3)
  A dart slug (D:2)
  2 leopard geckos
  3 orcs (D:3)
  A bat zombie (D:2)
  A giant cockroach (D:1)
  8 goblins
  6 hobgoblins
  2 jackals (D:2)
  11 kobolds
  A quokka (D:3)
  2 ball pythons
  9 bats
  5 frilled lizards
  7 rats
  3 rat zombies (D:2)
68 creatures vanquished.

Notes
Turn   | Place    | Note
-------+----------+-------------------------------------------
     0 | D:1      | nikku the Deep Elf Conjurer began the quest for the Orb.
     0 | D:1      | Reached XP level 1. HP: 10/10 MP: 6/6
   194 | D:1      | Reached XP level 2. HP: 15/15 MP: 2/8
  1218 | D:2      | Reached skill level 5 in Conjurations
  1218 | D:2      | Reached XP level 3. HP: 18/19 MP: 3/10
  1320 | D:2      | Found an ancient bone altar of Kikubaaqudgha.
  1779 | D:2      | Learned a level 2 spell: Searing Ray
  2371 | D:3      | Found a basalt altar of Yredelemnul.
  2469 | D:3      | Reached XP level 4. HP: 24/24 MP: 10/12
  2475 | D:3      | Learned a level 4 spell: Fulminant Prism
  2480 | D:3      | Learned a level 4 spell: Iskenderun's Mystic Blast
  2920 | D:3      | Reached skill level 1 in Hexes
  2953 | D:3      | Reached skill level 1 in Translocations
  3110 | D:3      | Reached skill level 5 in Spellcasting
  3257 | D:4      | Noticed Dowan
  3258 | D:4      | Noticed Duvessa
  3268 | D:4      | Killed Dowan
  3268 | D:4      | Reached XP level 5. HP: 28/28 MP: 1/14
  3269 | D:4      | Mangled by Duvessa

Illustrated notes

Levels and vault maps discovered:
D:1:      dpeg_arrival_tiny_d, layout_basic
D:2:      layout_loops_corners, lemuel_zombie_altar_kikubaaqudgha,
          minmay_misc_feat_iff
D:3:      layout_loops_cross, overflow_temple_1_default, minmay_strange_pillars,
          minmay_goblin_kobold_house
D:4:      layout_loops_ring, first_ration, minmay_hedge_maze, uniq_eustachio,
          uniq_duvessa

Skill      XL: |  1  2  3  4  5 |
---------------+----------------+-----
Spellcasting   | 4 5 |  5.3
Conjurations   | 5 |  5.7
Hexes          | 1 2 |  2.0
Translocations | 1 |  1.6
Dodging        | |  2.4
Stealth        | |  2.4

Action                   |  1- 3 |  4- 6 || total
-------------------------+-------+-------++-------
 Cast: Magic Dart        |    92 |    29 ||   121
       Searing Ray       |       |     6 ||     6
  Use: Scroll            |     6 |     1 ||     7
  Eat: Chunk             |     4 |     3 ||     7
Dodge: Dodged            |     6 |     4 ||    10
